 Dungeon Crawl Stone Soup version 0.27.1-34-g3ba077fa99 (webtiles) character file.

Game seed: 5357317965152709982

84 Ijustatesigmund the Skirmisher (level 4, -1/29 HPs)
             Began as a Gargoyle Fighter on Jan 27, 2022.
             Killed from afar by an orc wizard (4 damage)
             ... with a magic dart
             ... on level 5 of the Dungeon.
             The game lasted 00:03:46 (2493 turns).

Ijustatesigmund the Skirmisher (Gargoyle Fighter)   Turns: 2493, Time: 00:03:46

Health: -1/29      AC: 17    Str: 20    XL:     4   Next: 45%
Magic:  4/4        EV:  9    Int:  9    God:
Gold:   1018       SH:  9    Dex:  9    Spells: 3/3 levels left

rFire    . . .     SeeInvis .   a - +0 flail
rCold    . . .     Faith    .   c - +0 kite shield
rNeg     + . .     Spirit   .   b - +0 chain mail
rPois    ∞         Reflect  .   (no helmet)
rElec    +         Harm     .   (no cloak)
rCorr    .         Rampage  .   (no gloves)
Will     .....                  g - +0 pair of boots
Stlth    ..........             (no amulet)
HPRegen  0.09/turn              h - +4 ring of protection
MPRegen  0.09/turn              i - +4 ring of evasion

@: no status effects
A: sickness immunity, AC +3, negative energy resistance 1, electricity
resistance, torment resistance 1, petrification resistance
a: no special abilities


You were on level 5 of the Dungeon.
You visited 1 branch of the dungeon, and saw 4 of its levels.

You collected 1018 gold pieces.

Inventory:

Hand Weapons
 a - a +0 flail (weapon)
Missiles
 k - 6 silver javelins (quivered)
Armour
 b - a +0 chain mail (worn)
 c - a +0 kite shield (worn)
 g - a +0 pair of boots (worn)
Jewellery
 f - a ring of positive energy
 h - a +4 ring of protection (left hand)
 i - a +4 ring of evasion (right hand)
Scrolls
 e - a scroll of identify
 l - a scroll of summoning
Potions
 d - a potion of might
 j - a potion of brilliance {unknown}
 m - a potion of flight {unknown}


   Skills:
 + Level 4.1 Fighting
 * Level 3.9 Maces & Flails
 - Level 3.2 Armour
 - Level 3.2 Shields


You had 3 spell levels left.
You didn't know any spells.
Your spell library was empty.

Dungeon Overview and Level Annotations

Branches:
Dungeon (3/15)

Altars:
Okawaru
Qazlal
Yredelemnul

Shops:
D:2 =


Innate Abilities, Weirdness & Mutations

You are immune to sickness and miasma.
Your stone body is resilient. (AC +3)
You are immune to poison.
You resist negative energy. (rN+)
You are resistant to electric shocks. (rElec)
You are resistant to unholy torment.
You are immune to petrification.


Message History

No target in view!
No target in view!
No target in view!
No target in view!
No target in view!
No target in view!
No target in view!
You sock something! Something hits you but does no damage.
You block something's attack.
You closely miss something. Something hits you but does no damage.
You miss something. Something hits you. x2
You closely miss something. You block something's attack.
You hit something. Something hits you.
You barely miss something. You block something's attack.
Something hits you but does no damage.
You hit something. Something hits you but does no damage.
You miss something. Something hits you but does no damage.
You block something's attack.
You miss something.
You hear some strange, mumbled words.
A puff of flame appears from out of thin air!
The puff of flame hits you!
* * * LOW HITPOINT WARNING * * *
You miss something.
You hear some strange, mumbled words.
A puff of flame appears from out of thin air!
The puff of flame misses you. Something hits you but does no damage.
Your shield and chain mail prevent you from hitting something.
Something hits you.
* * * LOW HITPOINT WARNING * * *
You barely miss something.
You hear some strange, mumbled words.
A magic dart appears from out of thin air!
The magic dart hits you.
* * * LOW HITPOINT WARNING * * *
You miss something.
You hear some strange, mumbled words.
A magic dart appears from out of thin air!
The magic dart hits you.
You die...

###.#######
#.......#..
#.#.###.#.#
#.#.# #.#.#
#.#.###.#.#
#.#.......#
#.#####.#.#
#.# #.#.#
#.# #.#@#
#..
..#{)......
###
##########.


There were no monsters in sight!

Vanquished Creatures
  3 adders
  5 orcs
  6 endoplasms
  A giant cockroach (D:2)
  6 goblins
  4 hobgoblins
  8 jackals
  4 kobolds (D:1)
  A quokka (D:3)
  3 ball pythons
  A bat (D:2)
  3 frilled lizards
  2 rats
47 creatures vanquished.

Notes
Turn   | Place    | Note
-------+----------+-------------------------------------------
     0 | D:1      | Ijustatesigmund the Gargoyle Fighter began the quest for
                  | the Orb.
     0 | D:1      | Reached XP level 1. HP: 14/14 MP: 1/1
   576 | D:1      | Found a faded altar of an unknown god.
   719 | D:1      | Reached XP level 2. HP: 17/19 MP: 2/2
  1003 | D:2      | Found Paxtugel's Jewellery Shop.
  1027 | D:2      | Reached XP level 3. HP: 24/24 MP: 3/3
  1204 | D:2      | Identified a scroll of acquirement
  1204 | D:2      | Acquired 970 gold pieces
  1653 | D:3      | Found an iron altar of Okawaru.
  1653 | D:3      | Found a stormy altar of Qazlal.
  1654 | D:3      | Found a basalt altar of Yredelemnul.
  1854 | D:3      | Reached skill level 4 in Fighting
  1956 | D:3      | Reached XP level 4. HP: 24/29 MP: 4/4
  2440 | D:3      | You fall into a shaft and drop 2 floors!
  2440 | D:5      | Entered Level 5 of the Dungeon
  2493 | D:5      | Killed from afar by an orc wizard

Illustrated notes

Levels and vault maps discovered:
D:1:      minmay_arrival_diagonal_passages, layout_basic,
          ebering_ecumenical_altar_ruins
D:2:      layout_loops_ring, serial_shops, shop
D:3:      layout_loops_corners, gammafunk_temple_overflow_claw,
          chequers_serial_rivers_small_3
D:5:      layout_loops_corners, minmay_temple_entry_statues_pillars,
          nicolae_shop_self_help

Skill      XL: |  1  2  3 |
---------------+----------+-----
Maces & Flails | 3 |  3.9
Fighting       | 4 |  4.1
Armour         | |  3.2
Shields        | |  3.2

Action                   |  1- 3 |  4- 6 || total
-------------------------+-------+-------++-------
Melee: Flail             |   100 |    74 ||   174
  Use: Scroll            |     5 |     1 ||     6
       Potion            |       |     1 ||     1
Armor: Chain mail        |    48 |    44 ||    92
Dodge: Dodged            |    28 |    18 ||    46
Block: Kite shield       |    58 |    38 ||    96
